[Event "BL Meisterschaftsturnier 2020"]
[Site "Karlsruhe"]
[Date "2020.09.20"]
[Round "7.7"]
[White "Polzin, Rainer"]
[Black "Zumsande, Martin"]
[Result "0-1"]
[ECO "C14"]
[WhiteElo "2415"]
[BlackElo "2456"]
[Annotator "ChessBase"]
[PlyCount "72"]
[EventDate "2020.09.16"]
[EventType "team-tourn"]
[EventCountry "GER"]
[SourceTitle "playchess.com"]
[Source "ChessBase"]
[SourceQuality "1"]
[WhiteTeam "SF Berlin"]
[BlackTeam "Werder Bremen"]
[TimeControl "40/5400+30:1800+30"]

1. e4 e6 2. d4 d5 3. Nc3 Nf6 4. Bg5 Be7 5. e5 Nfd7 6. Bxe7 Qxe7 7. f4 a6 8. Nf3 c5 9. Qd2 Nc6 10. dxc5 Nxc5 11. Bd3 Bd7 12. O-O O-O 13. Rae1 Rac8 14. a3 f5 15. exf6 Qxf6 16. Ne5 Be8 17. g3 Nxe5 18. Rxe5 Bg6 19. Bxg6 hxg6 20. Rfe1 Rc6 21. Nd1 Ne4 22. Qg2 g5 23. Ne3 gxf4 24. Ng4 Qd8 25. gxf4 Qb6+ 26. Kh1 Rxf4 27. R5xe4 dxe4 28. Rg1 Qxb2 29. Nh6+ Kf8 30. Qd2 Qf6 31. Ng4 Rxg4 32. Rxg4 e5 33. Qb4+ Rd6 34. Qxe4 Rd1+ 35. Kg2 Rd2+ 36. Kh3 Qf1+ 0-1

[Event "BL Meisterschaftsturnier 2020"]
[Site "Karlsruhe"]
[Date "2020.09.20"]
[Round "7.8"]
[White "Wachinger, Nikolas"]
[Black "Florstedt, Johannes"]
[Result "1-0"]
[ECO "D85"]
[WhiteElo "2304"]
[BlackElo "2353"]
[Annotator "ChessBase"]
[PlyCount "37"]
[EventDate "2020.09.16"]
[EventType "team-tourn"]
[EventCountry "GER"]
[SourceTitle "playchess.com"]
[Source "ChessBase"]
[SourceQuality "1"]
[WhiteTeam "Werder Bremen"]
[BlackTeam "SF Berlin"]
[TimeControl "40/5400+30:1800+30"]

1. d4 Nf6 2. c4 g6 3. Nc3 d5 4. cxd5 Nxd5 5. Na4 Bg7 6. e4 Nb6 7. Nf3 O-O 8. Be3 Bg4 9. Nc5 Nc6 10. Nxb7 Qc8 11. Nc5 Bxf3 12. Qxf3 Nxd4 13. Qd1 a5 14. Bxd4 Rd8 15. e5 a4 16. f4 Rd5 17. Qd3 Qd8 18. Rd1 Nd7 19. Qf3 1-0

[Event "BL Meisterschaftsturnier 2020"]
[Site "Karlsruhe"]
[Date "2020.09.20"]
[Round "7.11"]
[White "Bischoff, Klaus"]
[Black "Piceu, Tom"]
[Result "1/2-1/2"]
[ECO "E94"]
[WhiteElo "2503"]
[BlackElo "2347"]
[Annotator "RC"]
[PlyCount "39"]
[EventDate "2020.09.16"]
[EventType "team-tourn"]
[EventCountry "GER"]
[SourceTitle "playchess.com"]
[Source "ChessBase"]
[SourceQuality "1"]
[WhiteTeam "Bayern Muenchen"]
[BlackTeam "Aachen"]
[TimeControl "40/5400+30:1800+30"]

1. c4 e5 2. Nc3 Nf6 3. Nf3 d6 4. d4 Nbd7 5. e4 g6 6. Be2 Bg7 7. O-O O-O 8. Qc2 a5 9. Rd1 exd4 10. Nxd4 Re8 11. Ndb5 Nc5 12. f3 Bd7 13. Be3 Ne6 14. Qd2 h5 15. Rac1 h4 16. Bf1 Nh5 17. Nd4 Nc5 18. Ndb5 Ne6 19. Nd4 Nc5 20. Ndb5 1/2-1/2

[Event "BL Meisterschaftsturnier 2020"]
[Site "Karlsruhe"]
[Date "2020.09.20"]
[Round "7.13"]
[White "Lokander, Martin"]
[Black "Lemmers, Oscar"]
[Result "1-0"]
[ECO "D17"]
[WhiteElo "2406"]
[BlackElo "2348"]
[Annotator "ChessBase"]
[PlyCount "47"]
[EventDate "2020.09.16"]
[EventType "team-tourn"]
[EventCountry "GER"]
[SourceTitle "playchess.com"]
[Source "ChessBase"]
[SourceQuality "1"]
[WhiteTeam "Bayern Muenchen"]
[BlackTeam "Aachen"]
[TimeControl "40/5400+30:1800+30"]

1. d4 d5 2. c4 c6 3. Nf3 Nf6 4. Nc3 dxc4 5. a4 Bf5 6. Ne5 Nbd7 7. Nxc4 Qc7 8. g3 e5 9. dxe5 Nxe5 10. Bf4 Nfd7 11. a5 a6 12. Bg2 f6 13. Nxe5 Nxe5 14. O-O Rd8 15. Qa4 Bd6 16. Be3 Qf7 17. Bb6 Rd7 18. Ne4 Bxe4 19. Bxe4 O-O 20. Bf5 Re7 21. Rfd1 Nc4 22. Bb1 Nxb2 23. Qc2 Nxd1 24. Qxh7# 1-0

[Event "BL Meisterschaftsturnier 2020"]
[Site "Karlsruhe"]
[Date "2020.09.20"]
[Round "7.15"]
[White "Rafiee, Makan"]
[Black "Lamby, Philipp"]
[Result "1-0"]
[ECO "C54"]
[WhiteElo "2334"]
[BlackElo "2130"]
[Annotator "ChessBase"]
[PlyCount "51"]
[EventDate "2020.09.16"]
[EventType "team-tourn"]
[EventCountry "GER"]
[SourceTitle "playchess.com"]
[Source "ChessBase"]
[SourceQuality "1"]
[WhiteTeam "Bayern Muenchen"]
[BlackTeam "Aachen"]
[TimeControl "40/5400+30:1800+30"]

1. e4 e5 2. Nf3 Nc6 3. Bc4 Bc5 4. c3 Nf6 5. d3 a6 6. Nbd2 O-O 7. Bb3 Ba7 8. h3 d6 9. Nf1 Be6 10. Bg5 h6 11. Bh4 g5 12. Nxg5 hxg5 13. Bxg5 Bxf2+ 14. Ke2 Kg7 15. Qd2 Kg6 16. h4 Bb6 17. Nh2 Nxe4 18. dxe4 Qd7 19. Bf6 Bg4+ 20. Kd3 Kh7 21. Raf1 Na5 22. Bg7 Kxg7 23. Qg5+ Kh8 24. Rf6 Bf5 25. exf5 e4+ 26. Kxe4 1-0

[Event "BL Meisterschaftsturnier 2020"]
[Site "Karlsruhe"]
[Date "2020.09.20"]
[Round "7.16"]
[White "Jablonowski, Christoph"]
[Black "Schenk, Andreas"]
[Result "0-1"]
[ECO "E19"]
[WhiteElo "1969"]
[BlackElo "2431"]
[Annotator "ChessBase"]
[PlyCount "68"]
[EventDate "2020.09.16"]
[EventType "team-tourn"]
[EventCountry "GER"]
[SourceTitle "playchess.com"]
[Source "ChessBase"]
[SourceQuality "1"]
[WhiteTeam "Aachen"]
[BlackTeam "Bayern Muenchen"]
[TimeControl "40/5400+30:1800+30"]

1. d4 Nf6 2. c4 e6 3. Nf3 b6 4. g3 Bb7 5. Bg2 Be7 6. O-O O-O 7. Nc3 Ne4 8. Qc2 Nxc3 9. Qxc3 c5 10. dxc5 bxc5 11. Rd1 d6 12. h4 Nc6 13. Bg5 h6 14. Bxe7 Qxe7 15. Rd2 Rad8 16. Rad1 f5 17. e3 g5 18. hxg5 hxg5 19. Nxg5 Qxg5 20. Rxd6 Nd4 21. exd4 Rxd6 22. Bxb7 Qg7 23. Bf3 Rxd4 24. Re1 f4 25. g4 e5 26. Kg2 Re8 27. Re4 Rxe4 28. Bxe4 Qxg4+ 29. Kf1 Qd1+ 30. Kg2 Re7 31. Kh2 Qh5+ 32. Kg1 Rg7+ 33. Kf1 Qd1+ 34. Qe1 Rg1+ 0-1